 Dungeon Crawl Stone Soup version 0.27-a0-1528-g90fbb72469 (webtiles) character file.

Game seed: 13954126975574545357

19616 Brozuf the Fencer (level 12, -11/100 HPs)
             Began as a Demonspawn Monk on July 11, 2021.
             Was an Elder of Wu Jian.
             Mangled by a sixfirhy (12 damage)
             ... in a Gauntlet.
             The game lasted 00:51:19 (13637 turns).

Brozuf the Fencer (Demonspawn Monk)                Turns: 13637, Time: 00:51:20

Health: -11/100    AC: 15    Str: 17    XL:     12   Next: 38%
Magic:  0/12       EV: 12    Int: 14    God:    Wu Jian [****..]
Gold:   95         SH:  0    Dex: 22    Spells: 11/11 levels left

rFire    . . .     SeeInvis .   d - +3 falchion (freeze)
rCold    . . .     Faith    .   (no shield)
rNeg     . . .     Spirit   +   i - +0 scale mail
rPois    .         Reflect  .   G - +0 helmet {Int+3}
rElec    .         Harm     .   g - +0 cloak
rCorr    .         Rampage  .   m - +1 pair of gloves
Will     .....     NoTele   +   (boots unavailable)
Stlth    +.........             e - amulet of regeneration
HPRegen  1.26/turn              h - +6 ring of dexterity
MPRegen  0.26/turn              (no ring)

@: exhausted
A: hooves 3, rugged brown scales 2, magic shield, magic regeneration
a: Renounce Religion, Wall Jump, Serpent's Lash


You were in a Gauntlet.
You worshipped Wu Jian.
Wu Jian was greatly pleased with you.
You visited 2 branches of the dungeon, and saw 13 of its levels.
You also visited: Gauntlet.

You collected 503 gold pieces.
You spent 408 gold pieces at shops.

Inventory:

Hand Weapons
 d - a +3 falchion of freezing (weapon)
   (You took it off a wight on level 6 of the Dungeon)
Missiles
 s - 2 throwing nets (quivered) {!f}
 u - 5 curare-tipped darts {!f}
Armour
 f - a +1 helmet
   (You took it off Robin on level 1 of the Dungeon)
 g - a +0 cloak (worn)
   (You found it on level 2 of the Dungeon)
 i - a +0 scale mail (worn)
   (You found it on level 2 of the Dungeon)
 m - a +1 pair of gloves (worn)
   (You found it on level 6 of the Dungeon)
 y - a +2 ring mail of fire resistance
   (You found it on level 9 of the Dungeon)
 G - a +0 helmet of intelligence (worn)
   (You found it in a Gauntlet)
Jewellery
 e - an amulet of regeneration (around neck)
   (You found it on level 2 of the Dungeon)
 h - a +6 ring of dexterity (left hand)
   (You found it on level 2 of the Dungeon)
 w - a ring of ice
   (You found it on level 8 of the Dungeon)
 D - a ring of fire
   (You found it on level 11 of the Dungeon)
Wands
 p - a wand of polymorph (5)
   (You took it off an orc on level 7 of the Dungeon)
 t - a wand of flame (7)
   (You found it on level 9 of the Dungeon)
 v - a wand of digging (7)
   (You found it on level 9 of the Dungeon)
Scrolls
 a - 2 scrolls of enchant weapon
 k - 2 scrolls of blinking
 n - a scroll of torment {unknown}
 q - 3 scrolls of magic mapping
 x - 2 scrolls of fear
 z - a scroll of enchant armour
 C - a scroll of silence {unknown}
 E - a scroll of teleportation {@r4}
 F - a scroll of fog {unknown}
Potions
 b - 3 potions of curing {@q1}
 c - a potion of flight
 j - 3 potions of brilliance
 l - 3 potions of heal wounds {@q2}
 o - a potion of haste {@q3}
 r - 3 potions of lignification {!q}
 A - 2 potions of attraction {!q}
 B - 3 potions of might


   Skills:
 + Level 9.6 Fighting
 - Level 15.5 Long Blades
 + Level 8.2 Armour
 + Level 3.4 Dodging
 - Level 1.7 Stealth
 * Level 3.2 Evocations


You had 11 spell levels left.
You didn't know any spells.
Your spell library contained the following spells:

 Spells                   Type           Power      Damage    Failure   Level
 Animate Skeleton         Necr           0%         N/A       63%         1
 Pain                     Necr           0%         1d4       63%         1
 Shock                    Conj/Air       0%         1d3       63%         1
 Slow                     Hex            0%         N/A       77%         2
 Sublimation of Blood     Necr           0%         N/A       77%         2
 Confusing Touch          Hex            0%         N/A       94%         3
 Dazzling Flash           Conj/Hex       0%         N/A       94%         3
 Swiftness                Air            0%         N/A       94%         3
 Vampiric Draining        Necr           0%         2d6       94%         3
 Airstrike                Air            0%         N/A       100%        4
 Leda's Liquefaction      Hex/Erth       0%         N/A       100%        4
 Petrify                  Tmut/Erth      0%         N/A       100%        4
 Agony                    Necr           0%         N/A       100%        5
 Bolt of Magma            Conj/Fire/Erth 0%         4d4       100%        5
 Irradiate                Conj/Tmut      0%         3d13      100%        5
 Silence                  Hex/Air        0%         N/A       100%        5
 Statue Form              Tmut/Erth      0%         N/A       100%        6


Dungeon Overview and Level Annotations

Branches:
Dungeon (12/15)            Temple (1/1) D:4            Lair (0/6) D:11
    Orc (0/2) D:10        Gauntlet (1/1)

Altars:
Ashenzari
Cheibriados
Dithmenos
Elyvilon
Fedhas
Gozag
Hepliaklqana
Kikubaaqudgha
Makhleb
Nemelex Xobeh
Okawaru
Qazlal
Ru
Sif Muna
Trog
Uskayaw
Vehumet
Wu Jian
Xom
Yredelemnul
Zin
The Shining One

Shops:
D:3 ?   D:4 [   D:7 :!:*

Annotations:
D:4 1 runed translucent door
D:7 1 exclusion
D:11 exclusion: 4 doors, Gastronok, Maurice Gauntlet 13 runed translucent doors, 7 transporters


Innate Abilities, Weirdness & Mutations

You have hooves in place of feet.
You are mostly covered in rugged brown scales. (AC +2, +5% HP)
When hurt, damage is shared between your health and your magic reserves.
You regenerate magic rapidly.


Message History

* * * LOW HITPOINT WARNING * * *
The sixfirhy shocks you!
* * * LOW HITPOINT WARNING * * *
The sixfirhy barely misses you.
You riposte.
You miss the sixfirhy. Your kick misses the sixfirhy.
The sixfirhy hits you but does no damage.
Unknown command.
Unknown command.
Okay, then.
Unknown command.
Unknown command.
There is nothing to wall jump against here.
Unknown command.
Your muscles tense, ready for explosive movement...
You hit the sixfirhy. You freeze the sixfirhy. You hit the sixfirhy.
You freeze the sixfirhy. You kick the sixfirhy.
Aiming: Wall Jump You repeatedly attack the sixfirhy from above, with incredible momentum.
You hit the sixfirhy but do no damage. You kick the sixfirhy.
You hit the sixfirhy but do no damage. x2; You hit the sixfirhy.
You freeze the sixfirhy. Your kick misses the sixfirhy.
You repeatedly attack the sixfirhy from above, with incredible momentum.
You hit the sixfirhy. You freeze the sixfirhy. You slash the sixfirhy!
You freeze the sixfirhy. You hit the sixfirhy. You freeze the sixfirhy.
You repeatedly attack the sixfirhy from above, with incredible momentum.
You slash the sixfirhy! You freeze the sixfirhy. You slice the sixfirhy!!
You freeze the sixfirhy!
You kill the sixfirhy!
The Council accepts your kill.
Your supernatural speed expires.
Your life force feels restored.
Your Evocations skill increases to level 3!
There is a large open translucent door here.
Aiming: Throw Flame
Aim: a sixfirhy (sparse dust, severely wounded, 38% to hit)
The puff of flame hits the sixfirhy.
The sixfirhy barely misses you. The sixfirhy hits you!
* * * LOW HITPOINT WARNING * * *
The sixfirhy shocks you!
* * * LOW HITPOINT WARNING * * *
The sixfirhy barely misses you.
The sixfirhy hits you but does no damage.
The sixfirhy barely misses you. The sixfirhy hits you.
* * * LOW HITPOINT WARNING * * *
The sixfirhy shocks you!
* * * LOW HITPOINT WARNING * * *
The sixfirhy hits you!
* * * LOW HITPOINT WARNING * * *
The sixfirhy shocks you!
You die...

.........................#....#
##########..###########..#©...#
....≈....#..#..+..'...#..#....#
≈≈≈.≈≈.≈≈#..#.^+..'...#..###..#
..≈≈..≈..#..#++#''##.)#..≈# ...
....≈≈.≈.####..'...+.!#..## .#
.≈≈.©≈..©#©©#©.#...+.©#..≈#
≈.≈.≈≈...####..°°°.+..#..##
≈..≈..≈.≈#..#''#@3##.[#..≈#
.≈≈..≈≈≈.#..#.^+33+...#..##
...≈≈....#..#..+○.+...#..§#
##########..###########.§##
.........................≈#
....§§§..§§..............##
#≈#≈#≈#≈#§#≈#≈#≈#≈#≈#≈#≈##
#########################


You could see 3 sixfirhies.

Vanquished Creatures
  2 two-headed ogres
  Nergalle (D:10)
  A sixfirhy (Gauntlet)
  A gargoyle (D:11)
  2 unseen horrors
  2 kobold demonologists
  Sigmund (D:3)
  5 shadows
  3 vampires
  A wyvern (D:7)
  12 yaks
  3 steam dragons
  Menkaure (D:7)
  3 acid dragons
  3 swamp worms (Gauntlet)
  2 black bears
  A hornet zombie (D:6)
  3 necrophages
  A sky beast (D:7)
  2 ice beasts
  An ogre (D:7)
  4 centaurs
  A phantom (D:5)
  2 kobold brigands
  4 bullfrogs
  2 scorpions
  A wyvern zombie (D:5)
  A water moccasin skeleton (D:4)
  A jelly (D:5)
  11 wights
  2 howler monkeys (D:8)
  A bullfrog zombie (D:5)
  A centaur zombie (D:9)
  A bullfrog skeleton (D:5)
  8 orc priests
  A human skeleton (D:4)
  2 iguanas
  4 orc wizards
  A scorpion zombie (D:5)
  A killer bee zombie (D:9)
  2 hound zombies (D:5)
  A hound skeleton (D:8)
  Robin (D:1)
  2 howler monkey skeletons
  2 adders
  8 gnolls
  A shadow imp (D:6)
  2 white imps
  An ufetubus (D:4)
  2 adder skeletons (D:4)
  2 dart slugs
  30 orcs
  6 ball pythons
  7 bats
  6 endoplasms
  5 giant cockroaches
  17 goblins
  10 hobgoblins
  10 jackals
  13 kobolds
  2 quokkas (D:3)
  A frilled lizard (D:3)
  A kobold zombie (D:4)
  5 rats
237 creatures vanquished.

Vanquished Creatures (others)
  5 fungi (D:5)
5 creatures vanquished.

Grand Total: 242 creatures vanquished

Notes
Turn   | Place    | Note
-------+----------+-------------------------------------------
     0 | D:1      | Brozuf the Demonspawn Monk began the quest for the Orb.
     0 | D:1      | Reached XP level 1. HP: 18/18 MP: 1/1
    90 | D:1      | Reached skill level 3 in Long Blades
    99 | D:1      | Gained mutation: You are partially covered in rugged brown
                  | scales. (AC +1, +3% HP) [demonic ancestry]
    99 | D:1      | Reached XP level 2. HP: 11/24 MP: 2/2
   699 | D:1      | Reached skill level 1 in Armour
   747 | D:1      | Reached XP level 3. HP: 25/29 MP: 3/3
  1067 | D:2      | Noticed Robin
  1153 | D:1      | Killed Robin
  1367 | D:2      | Found a shimmering altar of Xom.
  1433 | D:2      | Gained mutation: You have large cloven feet. [demonic
                  | ancestry]
  1433 | D:2      | Reached XP level 4. HP: 36/36 MP: 4/4
  1779 | D:3      | Reached skill level 4 in Long Blades
  1975 | D:3      | Noticed Sigmund
  2067 | D:3      | Found Daly's Magic Scroll Boutique.
  2079 | D:3      | Bought a scroll of blinking for 90 gold pieces
  2156 | D:3      | Gained mutation: You regenerate magic rapidly. [demonic
                  | ancestry]
  2156 | D:3      | Reached XP level 5. HP: 43/43 MP: 5/5
  2558 | D:3      | Killed Sigmund
  2559 | D:3      | Gained mutation: You have hoof-like feet. [demonic
                  | ancestry]
  2559 | D:3      | Reached XP level 6. HP: 49/49 MP: 6/6
  2572 | D:4      | Found Cexescha's Armour Emporium.
  2662 | D:4      | Reached skill level 5 in Long Blades
  2899 | D:4      | Found a staircase to the Ecumenical Temple.
  2921 | Temple   | Entered the Ecumenical Temple
  3023 | Temple   | Became a worshipper of the Wu Jian Council
  3023 | Temple   | Reached * piety under Wu Jian
  3023 | Temple   | Reached ** piety under Wu Jian
  3283 | D:4      | Gained mutation: You have hooves in place of feet. [demonic
                  | ancestry]
  3283 | D:4      | Reached XP level 7. HP: 56/56 MP: 7/7
  3296 | D:4      | Found a runed translucent door.
  3299 | D:4      | Noticed a human
  3300 | D:4      | Found a basalt altar of Yredelemnul.
  3404 | D:5      | Entered Level 5 of the Dungeon
  3516 | D:5      | Reached skill level 6 in Long Blades
  3673 | D:5      | Reached skill level 5 in Fighting
  4089 | D:5      | Reached skill level 7 in Long Blades
  4165 | D:5      | Noticed a steam dragon
  4891 | D:6      | Reached XP level 8. HP: 62/64 MP: 8/8
  5047 | D:6      | Reached skill level 8 in Long Blades
  5448 | D:6      | Found a bloodstained altar of Trog.
  5450 | D:6      | Found a broken altar of Ashenzari.
  5459 | D:6      | Found a hazy altar of Hepliaklqana.
  5916 | D:7      | Reached skill level 9 in Long Blades
  5955 | D:7      | Found Rawocugu's General Store.
  5956 | D:7      | Found Baubruro's Book Shoppe.
  5956 | D:7      | Found Faomnakk's Book Shoppe.
  5956 | D:7      | Found Qihoso's Distillery.
  5999 | D:7      | Reached *** piety under Wu Jian
  6035 | D:7      | Bought a potion of heal wounds for 60 gold pieces
  6058 | D:7      | Reached skill level 5 in Armour
  6133 | D:7      | Reached skill level 10 in Long Blades
  6182 | D:7      | Noticed Menkaure
  6231 | D:7      | Killed Menkaure
  6232 | D:7      | Reached XP level 9. HP: 51/73 MP: 9/9
  7135 | D:8      | Reached skill level 11 in Long Blades
  7659 | D:8      | Found a burning altar of Makhleb.
  7772 | D:8      | Reached skill level 12 in Long Blades
  7836 | D:8      | Reached **** piety under Wu Jian
  7864 | D:8      | Reached XP level 10. HP: 80/82 MP: 10/10
  8006 | D:8      | Found a hide-covered altar of Uskayaw.
  8848 | D:9      | Reached skill level 13 in Long Blades
  9451 | D:10     | Entered Level 10 of the Dungeon
  9636 | D:10     | Found a staircase to the Orcish Mines.
 10308 | D:10     | Noticed a two-headed ogre
 10434 | D:10     | Killed a two-headed ogre
 10457 | D:10     | Noticed Nergalle
 10749 | D:11     | Noticed a gargoyle
 10776 | D:11     | Killed a gargoyle
 10777 | D:11     | Gained mutation: When hurt, damage is shared between your
                  | health and your magic reserves. [demonic ancestry]
 10777 | D:11     | Reached XP level 11. HP: 51/91 MP: 11/11
 10958 | D:11     | Found a staircase to the Lair.
 11218 | D:11     | Noticed a two-headed ogre
 11253 | D:11     | Killed a two-headed ogre
 11517 | D:3      | Bought a scroll of teleportation for 36 gold pieces
 11517 | D:3      | Bought a scroll of magic mapping for 42 gold pieces
 11517 | D:3      | Bought a scroll of magic mapping for 42 gold pieces
 11517 | D:3      | Bought 3 scrolls of identify for 72 gold pieces
 11517 | D:3      | Bought a scroll of identify for 24 gold pieces
 11517 | D:3      | Bought a scroll of fear for 42 gold pieces
 11524 | D:3      | Reached skill level 15 in Long Blades
 11524 | D:3      | Gained mutation: You are mostly covered in rugged brown
                  | scales. (AC +2, +5% HP) [demonic ancestry]
 11524 | D:3      | Reached XP level 12. HP: 85/93 MP: 12/12
 11877 | D:10     | Killed Nergalle
 11878 | D:10     | Reached skill level 1 in Evocations
 12519 | D:11     | Noticed Maurice
 12817 | D:11     | Noticed Sonja
 12838 | D:11     | Noticed Sonja
 12838 | D:11     | Sonja changed into Sonja the black bear
 12843 | D:11     | Killed Sonja the black bear
 13100 | D:11     | Noticed Gastronok
 13167 | D:12     | Found a gate leading to a gauntlet.
 13178 | Gauntlet | Entered a Gauntlet
 13178 | Gauntlet | Found a runed translucent door.
 13178 | Gauntlet | Found a transporter.
 13178 | Gauntlet | Found a runed translucent door.
 13178 | Gauntlet | Found a transporter.
 13188 | Gauntlet | Found a transporter.
 13191 | Gauntlet | Found a transporter.
 13202 | Gauntlet | Found a transporter.
 13202 | Gauntlet | Found a transporter.
 13211 | Gauntlet | Found a transporter.
 13224 | Gauntlet | Found a large runed translucent door.
 13225 | Gauntlet | Found a large runed translucent door.
 13226 | Gauntlet | Found a large runed translucent door.
 13226 | Gauntlet | Found a large runed translucent door.
 13227 | Gauntlet | Found a runed translucent gate.
 13228 | Gauntlet | Found a transporter.
 13228 | Gauntlet | Found a runed translucent gate.
 13229 | Gauntlet | Found a runed translucent gate.
 13230 | Gauntlet | Found a large runed translucent door.
 13230 | Gauntlet | Found a large runed translucent door.
 13231 | Gauntlet | Found a large runed translucent door.
 13232 | Gauntlet | Found a large runed translucent door.
 13241 | Gauntlet | Found a large runed translucent door.
 13241 | Gauntlet | Found a large runed translucent door.
 13241 | Gauntlet | Found a runed translucent door.
 13241 | Gauntlet | Found a runed translucent door.
 13242 | Gauntlet | Found a large runed translucent door.
 13243 | Gauntlet | Found a large runed translucent door.
 13245 | Gauntlet | Found a transporter.
 13248 | Gauntlet | Found a transporter.
 13258 | Gauntlet | Found a transporter.
 13271 | Gauntlet | Found a transporter.
 13309 | Gauntlet | Found a large runed translucent door.
 13310 | Gauntlet | Found a large runed translucent door.
 13311 | Gauntlet | Found a large runed translucent door.
 13311 | Gauntlet | Found a large runed translucent door.
 13637 | Gauntlet | HP: 1/100 [sixfirhy (9)]
 13637 | Gauntlet | Mangled by a sixfirhy

Illustrated notes

Levels and vault maps discovered:
D:1:      scummos_arrival_simple_crosswalls, layout_rooms, lemuel_another_geyser
D:2:      layout_basic, basic_altar, bh_walls_and_bars, uniq_robin
D:3:      layout_basic, serial_shops,
          nicolae_shop_temple_entry_statues_fountains, hangedman_feature_mirror,
          uniq_sigmund
D:4:      layout_loops_ring, tso_metal_star, dk_yredelemnul_ordeal,
          minmay_temple_entry_mini_moons, serial_shops, shop, minmay_manual_moon
D:5:      kennysheep_steamy, layout_loops_corners
D:6:      layout_cave_pods, nicolae_hepliaklqana_hazy_memory,
          grunt_temple_overflow_open
D:7:      layout_basic, corexii_item_surrounded_by_moat, grunt_ogre_cave,
          corexii_hall_statues_t, serial_park_tiny_pond,
          minmay_shop_grid_forest, uniq_menkaure
D:8:      layout_layer_cave, nicolae_uskayaw_dance_studio,
          makhleb_blood_cavern_becter
D:9:      layout_loops_ring, st_stairs_6, kennysheep_cross_bottleneck,
          palyth_stone_intersect
D:10:     layout_gridville, orc_0_dummy, uniq_nergalle
D:11:     layout_irregular_city, lair_entry_dummy, minmay_misc_feat_roman,
          uniq_sonja, uniq_maurice, uniq_gastronok
D:12:     layout_basic, gauntlet_entry_generic, muffindrake_ghost_dual_entry,
          enter_trove_5, nicolae_vehumet_radiance
Temple:   regret_index_temple_waves
Gauntlet: minmay_gauntlet_mixed_big_or_small [gammafunk_gauntlet_arena_crates,
          minmay_gauntlet_arena_77_cramped, nicolae_gauntlet_arena_flowing_pool,
          minmay_gauntlet_arena_77_chump_sandwich,
          minmay_gauntlet_arena_make_your_own_arena,
          minmay_gauntlet_arena_77_tiled_triplets,
          nicolae_gauntlet_exit_dead_adventurers]

Skill      XL: |  1  2  3  4  5  6  7  8  9 10 11 12 |
---------------+-------------------------------------+-----
Long Blades    | 3 4 5 7 10 12 13 15 | 15.5
Armour         | 1 2 3 4 5 6 7 8 |  8.2
Fighting       | 4 5 6 7 9 |  9.6
Evocations     | 3 |  3.2
Dodging        | 3 |  3.4
Stealth        | |  1.7

Action                   |  1- 3 |  4- 6 |  7- 9 | 10-12 || total
-------------------------+-------+-------+-------+-------++-------
Melee: Falchion          |   144 |   162 |   385 |   343 ||  1034
       Kick              |       |    72 |   164 |   164 ||   400
Invok: Whirlwind         |       |     3 |     9 |    14 ||    26
       Lunge             |       |     1 |    11 |     3 ||    15
       Serpent's Lash    |       |       |       |     2 ||     2
 Abil: Wall Jump         |       |     1 |    63 |    35 ||    99
Evoke: Wand              |       |     1 |     2 |    29 ||    32
  Use: Scroll            |       |     4 |     5 |     8 ||    17
       Potion            |       |       |       |     4 ||     4
 Stab: Sleeping          |     1 |     4 |     1 |       ||     6
       Distracted        |     1 |       |     1 |       ||     2
       Paralysed         |       |     8 |     2 |     7 ||    17
Armor: Robe              |    16 |       |       |       ||    16
       Ring mail         |    35 |    67 |    30 |       ||   132
       Scale mail        |       |       |    79 |   145 ||   224
Dodge: Dodged            |    88 |   100 |   119 |    96 ||   403
       Rpst.: Falchion   |    27 |    35 |    36 |    19 ||   117

Table legend: (Time is in decaauts)
 A = Elapsed time spent in this place.
 B = Non-inter-level travel time spent in this place.
 C = Inter-level travel time spent in this place.
 D = Time resting spent in this place.
 E = Time spent auto-exploring this place.
 F = Levels seen in this place.
 G = Mean time per level.
                   A        B        C        D        E       F      G
               +--------+--------+--------+--------+--------+-----+--------+
         Total |  13705 |  12744 |    961 |   1683 |   7721 |  14 |  978.9 |
       Dungeon |  13143 |  12194 |    949 |   1588 |   7493 |  12 | 1095.2 |
        Temple |    117 |    105 |     12 |      0 |     95 |   1 |  117.0 |
      Gauntlet |    444 |    444 |      0 |     95 |    133 |   1 |  444.0 |
               +--------+--------+--------+--------+--------+-----+--------+

Top non-repeatable levels by time:
    D:10: 1820 daAuts
     D:5: 1567 daAuts
     D:7: 1546 daAuts
     D:8: 1414 daAuts
    D:11: 1331 daAuts
     D:6: 1109 daAuts
     D:1: 1007 daAuts
     D:9: 933 daAuts
     D:3: 922 daAuts
     D:2: 759 daAuts
     D:4: 711 daAuts
Gauntlet: 444 daAuts
  Temple: 117 daAuts
    D:12: 21 daAuts
